[Event "Team 45 45 League T52"]
[Site "Internet Chess Club"]
[Date "2012.03.08"]
[Round "4"]
[White "AntMantis"]
[Black "Dracoac"]
[Result "1-0"]
[WhiteElo "2118"]
[BlackElo "1812"]
[Opening "Grünfeld: Spassky variation, main line, 10...cd, 11.cd"]
[ECO "D88"]
[Time "16:16:40"]
[TimeControl "2700+45"]

1. d4 Nf6 2. c4 g6 3. Nc3 d5 4. cxd5 Nxd5 5. e4 Nxc3 6. bxc3 Bg7 7. Bc4 O-O 8.
Ne2 c5 9. O-O Nc6 10. Be3 cxd4 11. cxd4 Qa5 12. Qb3 e6 13. f4 Rd8 14. Rad1 Qc7
15. Qd3 a6 16. a3 b5 17. Ba2 Bb7 18. f5 gxf5 19. exf5 Ne5 20. Bf4 Qc6 21. Qg3
Qc2 22. Bxe5 Kf8 23. Qxg7+ Ke8 24. fxe6 Qxa2 25. Qxf7# {Black checkmated} 1-0

[Event "Team 45 45 League T52"]
[Site "Internet Chess Club"]
[Date "2012.03.13"]
[Round "4"]
[White "jps7"]
[Black "KoalieAwe"]
[Result "0-1"]
[WhiteElo "1678"]
[BlackElo "1752"]
[Opening "Queen's pawn game"]
[ECO "D04"]
[Time "13:03:21"]
[TimeControl "2700+45"]

1. d4 d5 2. Nf3 Nf6 3. e3 c6 4. Bd3 e6 5. O-O Bd6 6. b3 O-O 7. Bb2 b5 8. Nbd2
Qb6 9. Ne5 Ba6 10. a3 b4 11. Bxa6 Nxa6 12. axb4 Nxb4 13. Ba3 c5 14. c3 Nc6 15.
Nd3 Qc7 16. g3 cxd4 17. Bxd6 Qxd6 18. exd4 Nd7 19. Ra6 Qc7 20. Qa1 Rfc8 21. c4
Qb7 22. c5 Nxd4 23. b4 Nb5 24. Rc1 Rc6 25. Ra5 a6 26. Nf4 Rac8 27. Nh5 e5 28. g4
Nd4 29. Nf4 Qxb4 30. Rd1 exf4 31. Ra4 Ne2+ 32. Kf1 Qb5 33. Rb1 Qd3 34. Nb3 Nc3+
35. Kg2 Nxb1 36. Nc1 Qc2 37. Rb4 Qxc1 38. Rxb1 Qxc5 39. Re1 d4 40. Re4 Qd5 41.
f3 Rc2+ 42. Kh3 R8c6 43. Qa3 Rh6# {White checkmated} 0-1

[Event "Team 45 45 League T52"]
[Site "Internet Chess Club"]
[Date "2012.03.13"]
[Round "4"]
[White "PandorasBox"]
[Black "Ptzz"]
[Result "0-1"]
[WhiteElo "1896"]
[BlackElo "2098"]
[Opening "English: Caro-Kann defensive system"]
[ECO "A11"]
[Time "16:13:36"]
[TimeControl "2700+45"]

1. c4 c6 2. g3 d5 3. Bg2 Nf6 4. Qc2 g6 5. d3 Bg7 6. Nc3 O-O 7. cxd5 Nxd5 8. Nxd5
cxd5 9. Nf3 Bd7 10. Bd2 Qc8 11. Rc1 Qxc2 12. Rxc2 Rc8 13. Rxc8+ Bxc8 14. Bc3 Nc6
15. Bxg7 Kxg7 16. Kd2 e5 17. Rc1 h6 18. a3 Be6 19. e3 f6 20. b4 a6 21. Rc5 Rd8
22. Ke2 Rd7 23. Nd2 Na7 24. a4 Nc6 25. b5 Nb4 26. Nb3 Bf5 27. e4 dxe4 28. dxe4
Be6 29. Rc3 Na2 30. Re3 Bxb3 {White resigns} 0-1

[Event "Team 45 45 League T52"]
[Site "Internet Chess Club"]
[Date "2012.03.11"]
[Round "4"]
[White "Jack-ONeill"]
[Black "Deckfuel"]
[Result "1-0"]
[WhiteElo "2069"]
[BlackElo "1908"]
[Opening "Queen's pawn, Mason variation"]
[ECO "D00"]
[Time "14:01:27"]
[TimeControl "2700+45"]

1. d4 d5 2. Bf4 Nf6 3. e3 c5 4. dxc5 Nc6 5. Bb5 Qa5+ 6. Nc3 a6 7. Bxc6+ bxc6 8.
Qd4 g6 9. b4 Qd8 10. Nf3 Bg7 11. Ne5 Nd7 12. Nxc6 Bxd4 13. exd4 e5 14. Nxd8 exf4
15. Nc6 Nf6 16. O-O O-O 17. Ne7+ Kg7 18. Nexd5 {Black resigns} 1-0

[Event "Team 45 45 League T52"]
[Site "Internet Chess Club"]
[Date "2012.03.11"]
[Round "4"]
[White "Holzschlange"]
[Black "ivanson"]
[Result "0-1"]
[WhiteElo "1819"]
[BlackElo "1839"]
[Opening "English: symmetrical, Botvinnik system reversed"]
[ECO "A37"]
[Time "18:00:38"]
[TimeControl "2700+45"]

1. Nf3 c5 2. c4 g6 3. g3 Bg7 4. Bg2 Nc6 5. Nc3 e5 6. d3 Nge7 7. O-O O-O 8. Rb1
d6 9. a3 a5 10. Bg5 f6 11. Bd2 Be6 12. e3 d5 13. cxd5 Nxd5 14. Qc2 Qe7 15. Rfd1
Rac8 16. Rbc1 b6 17. Na4 Qc7 18. Bh1 Nde7 19. b4 axb4 20. axb4 cxb4 21. Bxb4 Qa7
22. Bc3 Nb4 23. Qb1 Na2 24. Qb5 Nxc1 25. Rxc1 Nd5 26. Bd2 Rxc1+ 27. Bxc1 Rc8 28.
Bd2 Nc7 29. Qb4 Bf8 30. Qh4 b5 31. Nc3 b4 32. Ne4 Nd5 33. Nxf6+ Nxf6 34. Qxf6
Qf7 35. Qxe5 Bg7 36. Qb5 Bc3 37. Ng5 Qd7 38. Qa5 Bxd2 39. Nxe6 Rc1+ 40. Kg2 Qxe6
{White resigns} 0-1

[Event "Team 45 45 League T52"]
[Site "Internet Chess Club"]
[Date "2012.03.11"]
[Round "4"]
[White "pishd"]
[Black "alexdb"]
[Result "0-1"]
[WhiteElo "1697"]
[BlackElo "1908"]
[Opening "Queen's pawn: Torre attack"]
[ECO "A46"]
[Time "12:16:28"]
[TimeControl "2700+45"]

1. d4 Nf6 2. Nf3 e6 3. Bg5 d6 4. e3 Nbd7 5. Bd3 Be7 6. O-O h6 7. Bh4 g5 8. Bg3
h5 9. h4 gxh4 10. Bxh4 Ng4 11. Bxe7 Qxe7 12. e4 e5 13. c3 Nf8 14. Qb3 Ng6 15.
Nbd2 Nf4 16. Bc4 h4 17. dxe5 dxe5 18. Rfd1 h3 19. gxh3 Nxh3+ 20. Kf1 Nhxf2 21.
Re1 Nh3 22. Ke2 Nf4+ 23. Kd1 Ng2 24. Rg1 c6 25. Kc1 N4e3 26. Bf1 Nxf1 27. Nxf1
Nf4 28. Qc2 Bh3 29. N1h2 O-O-O 30. Rd1 Qc5 31. Kb1 Bg2 32. a3 Rxd1+ 33. Qxd1 Qe3
34. Ka2 Qxe4 35. Qe1 Bxf3 36. Nxf3 Qxf3 37. Rd1 Nd3 38. Qg1 Qd5+ 39. Ka1 e4 40.
Qxa7 Rh2 41. Qb6 Rxb2 42. Qxb2 Nxb2 43. Rxd5 cxd5 44. Kxb2 Kc7 45. Kc2 f5 46.
Kd2 f4 {White resigns} 0-1

[Event "Team 45 45 League T52"]
[Site "Internet Chess Club"]
[Date "2012.03.11"]
[Round "4"]
[White "justice02"]
[Black "Ivio"]
[Result "0-1"]
[WhiteElo "1759"]
[BlackElo "1781"]
[Opening "QGD semi-Slav: Bogolyubov variation"]
[ECO "D45"]
[Time "13:00:05"]
[TimeControl "2700+45"]

1. Nf3 d5 2. c4 c6 3. Nc3 Nf6 4. d4 e6 5. e3 Be7 6. Bd3 Nbd7 7. O-O O-O 8. Re1
h6 9. e4 dxe4 10. Nxe4 Nxe4 11. Rxe4 Nf6 12. Re1 c5 13. h3 b6 14. dxc5 Bxc5 15.
Qe2 Bb7 16. Ne5 Bd4 17. Nf3 Bxf3 18. Qxf3 e5 19. Rb1 Re8 20. b3 Qe7 21. Qg3 Kh8
22. Re2 e4 23. Bc2 Qc5 24. Be3 Qh5 25. Rbe1 Rad8 26. Bxd4 Rxd4 27. Qc7 Rd7 28.
Qc6 Re6 29. Qb5 Qxb5 30. cxb5 Rde7 31. g4 Nd5 32. Rxe4 Rxe4 33. Rxe4 Rxe4 34.
Bxe4 Nc3 35. Bd3 Nxa2 36. f4 Nc3 37. Kg2 g5 38. f5 Kg7 39. Kf3 Kf6 40. Kg3 Ke5
41. h4 f6 42. hxg5 hxg5 43. Kf3 Kd4 44. Bc4 Kc5 45. Ke3 Nxb5 46. Kd3 Nd6 47. Bg8
a5 48. Be6 b5 49. Bg8 a4 50. bxa4 bxa4 51. Be6 a3 52. Ba2 Nb5 53. Bc4 Kd6 54.
Kc2 Nd4+ 55. Kb1 Ke5 56. Ka2 Kf4 57. Kxa3 Kxg4 58. Kb4 Kxf5 59. Kc5 Ke5 60. Bf1
f5 61. Kc4 g4 62. Kd3 f4 63. Kd2 g3 64. Kd3 Nf5 65. Ke2 Ne3 66. Bh3 Ke4 67. Bc8
f3+ 68. Ke1 f2+ 69. Ke2 f1=Q+ {White resigns} 0-1

[Event "Team 45 45 League T52"]
[Site "Internet Chess Club"]
[Date "2012.03.10"]
[Round "4"]
[White "krysto"]
[Black "Innes"]
[Result "1-0"]
[WhiteElo "1644"]
[BlackElo "1621"]
[Opening "QGD Slav: 4.Nc3"]
[ECO "D15"]
[Time "14:00:39"]
[TimeControl "2700+45"]

1. d4 d5 2. c4 c6 3. Nf3 Nf6 4. Nc3 a6 5. c5 Bf5 6. e3 e6 7. Be2 Be7 8. O-O O-O
9. Nh4 Nbd7 10. Nxf5 exf5 11. Qc2 g6 12. f3 Re8 13. Bd3 Bf8 14. e4 dxe4 15. fxe4
fxe4 16. Bxe4 Nxe4 17. Nxe4 Qh4 18. Qc4 Qxe4 19. Qxf7+ Kh8 20. Qxd7 Rad8 21.
Qxb7 Qxd4+ 22. Kh1 Re2 23. Qxc6 Qf2 24. Bg5 Rde8 25. Rxf2 {Black resigns} 1-0

[Event "Team 45 45 League T52"]
[Site "Internet Chess Club"]
[Date "2012.03.11"]
[Round "4"]
[White "BrianWood"]
[Black "Salvatore"]
[Result "0-1"]
[WhiteElo "1448"]
[BlackElo "1526"]
[Opening "English: symmetrical, main line with d3"]
[ECO "A16"]
[Time "15:01:24"]
[TimeControl "2700+45"]

1. c4 Nf6 2. Nc3 g6 3. g3 Bg7 4. Bg2 O-O 5. Nf3 c5 6. d3 Nc6 7. O-O d6 8. e4 Bd7
9. Re1 Qc8 10. Be3 Ng4 11. Bd2 Nge5 12. Nxe5 Nxe5 13. Be3 Bh3 14. d4 Nxc4 15.
dxc5 Nxe3 16. Rxe3 Bxg2 17. Kxg2 Qxc5 18. Qb3 b6 19. Rc1 {White resigns} 0-1

[Event "Team 45 45 League T52"]
[Site "Internet Chess Club"]
[Date "2012.03.11"]
[Round "4"]
[White "Berke"]
[Black "kingsrook"]
[Result "1-0"]
[WhiteElo "1638"]
[BlackElo "1273"]
[Opening "Caro-Kann: classical variation"]
[ECO "B18"]
[Time "17:00:26"]
[TimeControl "2700+45"]

1. e4 c6 2. d4 d5 3. Nc3 dxe4 4. Nxe4 Bf5 5. Ng3 Bg6 6. Nf3 Nd7 7. Be2 Ngf6 8.
O-O e6 9. c4 Bd6 10. Bg5 O-O 11. Qb3 Qc7 12. Rac1 c5 13. Bxf6 Nxf6 14. d5 exd5
15. cxd5 Rfe8 16. Bc4 b6 17. Bb5 Re7 18. Rfe1 a6 19. Rxe7 Bxe7 20. Bc6 Rd8 21.
Rd1 h6 22. Nh4 Bh7 23. Nhf5 Bf8 24. Qf3 Bxf5 25. Nxf5 g6 26. Ne3 Kg7 27. g3 b5
28. a4 b4 29. b3 Be7 30. Qe2 Qa7 31. Nc4 Bf8 32. h4 h5 33. Kg2 Be7 34. Qe5 Bf8
35. Rd3 Qe7 36. Qxe7 Bxe7 37. a5 Rb8 38. Re3 Bd8 39. f3 Kf8 40. Re5 Bc7 41. d6
{Black resigns} 1-0

[Event "Team 45 45 League T52"]
[Site "Internet Chess Club"]
[Date "2012.03.11"]
[Round "4"]
[White "otherook"]
[Black "Skeptic1972"]
[Result "1-0"]
[WhiteElo "1774"]
[BlackElo "1663"]
[Opening "English opening"]
[ECO "A13"]
[Time "16:51:51"]
[TimeControl "2700+45"]

1. c4 e6 2. g3 d5 3. cxd5 exd5 4. Bg2 Nf6 5. Nf3 g6 6. O-O Bg7 7. Nc3 O-O 8. d4
c6 9. Ne5 Nbd7 10. Nxd7 Bxd7 11. Bf4 Re8 12. Be5 Qc8 13. Qd2 Bh3 14. Rfc1 Bxg2
15. Bxf6 Bh3 16. Nxd5 Qe6 17. Nf4 Qxf6 18. Nxh3 Qxd4 19. Qxd4 Bxd4 20. Rc2 Rad8
21. Kg2 Bb6 22. e3 Rd7 23. a4 a6 24. Ra3 Red8 25. Rb3 Ba7 26. Ng5 Rd2 27. Rxd2
Rxd2 28. Kf3 b5 29. h4 Rd7 30. Ne4 Kg7 31. axb5 axb5 32. Rc3 f5 33. Nc5 Bxc5 34.
Rxc5 Rd2 35. Rxc6 Rxb2 36. Rc7+ Kh6 37. Rb7 b4 38. Rb6 b3 39. e4 fxe4+ 40. Kxe4
Re2+ 41. Kf3 Rb2 42. Ke3 Rb1 43. Kf4 b2 44. Rb7 g5+ 45. hxg5+ Kg6 46. Rb6+ Kf7
47. Kf5 Ke7 48. g6 hxg6+ 49. Kxg6 Kd7 50. f4 Rg1 51. Rxb2 Rxg3+ 52. Kf6 Rc3 53.
Re2 Rc6+ 54. Kf7 Rd6 55. f5 Kd8 56. f6 Kd7 57. Kg7 Rd1 58. f7 Rg1+ 59. Kf8 Rf1
60. Re4 Kd6 61. Kg7 Rg1+ 62. Kf6 Rf1+ 63. Kg6 Rg1+ 64. Kf5 Rf1+ 65. Kg6 Rg1+ 66.
Kh7 Rh1+ 67. Kg8 Rg1+ 68. Kf8 Rf1 69. Ke8 Kd5 70. Re2 {Black resigns} 1-0

[Event "Team 45 45 League T52"]
[Site "Internet Chess Club"]
[Date "2012.03.10"]
[Round "4"]
[White "kwameh72"]
[Black "Invicta-Knight"]
[Result "0-1"]
[WhiteElo "1558"]
[BlackElo "1467"]
[Opening "King's Indian: London system"]
[ECO "A48"]
[Time "23:06:38"]
[TimeControl "2700+45"]

1. d4 Nf6 2. Nf3 g6 3. Bf4 Bg7 4. e3 O-O 5. Nbd2 d6 6. Be2 a6 7. c4 Bd7 8. h3 b5
9. b3 c5 10. O-O cxd4 11. exd4 Nc6 12. c5 dxc5 13. Rc1 cxd4 14. Ne5 Nxe5 15.
Bxe5 d3 16. Bf3 Rc8 17. Bb7 Rxc1 18. Qxc1 Bf5 19. Bxa6 Qb6 20. Qc7 Qxa6 21. Qxe7
Nd5 22. Qd6 Qxd6 23. Bxd6 Rd8 24. Bg3 Bh6 25. f4 Rc8 26. Re1 Rc2 27. Bh4 Rxd2
28. Re5 Be6 29. g4 Bxf4 30. Re4 Re2 31. Rxe2 dxe2 32. Kf2 Nc3 33. Kf3 h6 34.
Kxf4 g5+ 35. Bxg5 hxg5+ 36. Kxg5 e1=Q 37. a4 bxa4 38. bxa4 Nxa4 39. h4 Qe5+ 40.
Kh6 Qg7+ 41. Kh5 Bxg4# {White checkmated} 0-1

[Event "Team 45 45 League T52"]
[Site "Internet Chess Club"]
[Date "2012.03.10"]
[Round "4"]
[White "Chatica"]
[Black "QueensCounselor"]
[Result "1/2-1/2"]
[WhiteElo "2215"]
[BlackElo "2131"]
[Opening "Petrov: modern attack, Symmetrical variation"]
[ECO "C43"]
[Time "09:35:37"]
[TimeControl "2700+45"]

1. e4 e5 2. Nf3 Nf6 3. d4 Nxe4 4. dxe5 d5 5. Nbd2 Nxd2 6. Qxd2 Be7 7. Qf4 O-O 8.
Bd3 Nc6 9. O-O Nb4 10. Qg3 Re8 11. Bg5 Nxd3 12. Bxe7 Qxe7 13. cxd3 Be6 14. Rac1
c5 {Game drawn by mutual agreement} 1/2-1/2

[Event "Team 45 45 League T52"]
[Site "Internet Chess Club"]
[Date "2012.03.10"]
[Round "4"]
[White "fledermaus"]
[Black "Gregorio"]
[Result "1-0"]
[WhiteElo "1900"]
[BlackElo "1793"]
[Opening "Queen's pawn: Keres defense"]
[ECO "A10"]
[Time "11:00:59"]
[TimeControl "2700+45"]

1. c4 b6 2. d4 e6 3. Nc3 Nf6 4. e4 Bb4 5. Qc2 Bb7 6. Bd3 Nc6 7. Nf3 e5 8. dxe5
Ng4 9. Bf4 f6 10. O-O fxe5 11. Bg5 Nf6 12. Nd5 Bc5 13. a3 h6 14. Bxf6 gxf6 15.
Nh4 Nd4 16. Qd1 h5 17. b4 Bf8 18. f4 d6 19. fxe5 Bxd5 20. exd5 dxe5 21. Qa4+ b5
22. Bg6+ Ke7 23. cxb5 Qxd5 24. Rad1 Qe6 25. Rxd4 exd4 26. Nf5+ Kd8 27. b6 Bd6
28. b7 Rb8 29. Qxa7 Kd7 30. Nxd4 Qe3+ 31. Kh1 c6 32. Bf5+ Ke8 33. Qb6 Qe5 34.
Qxc6+ Kf7 35. Qd7+ Qe7 36. Be6+ Kg6 37. Qxe7 Bxe7 38. Bf5+ Kf7 39. Be6+ Kg6 40.
Bc8 Bd6 41. Rc1 Bf4 42. Rc4 Rd8 43. g3 Be3 44. Nc6 {Black resigns} 1-0

[Event "Team 45 45 League T52"]
[Site "Internet Chess Club"]
[Date "2012.03.11"]
[Round "4"]
[White "kabindra"]
[Black "jonesey"]
[Result "1-0"]
[WhiteElo "1911"]
[BlackElo "1853"]
[Opening "Scandinavian defense"]
[ECO "B01"]
[Time "10:17:01"]
[TimeControl "2700+45"]

1. e4 d5 2. exd5 Nf6 3. Nc3 Nxd5 4. Nxd5 Qxd5 5. Nf3 Bg4 6. Be2 Nc6 7. h3 Bh5 8.
d3 O-O-O 9. Bf4 e5 10. Bg3 e4 11. dxe4 Qxe4 12. Nd2 Qxg2 13. Bg4+ Kb8 14. Qf3
Qxf3 15. Bxf3 Rxd2 16. Bxh5 Rxc2 17. Bxf7 Bb4+ 18. Kf1 Rf8 19. Bb3 Rxb2 20. Kg2
Nd4 21. Bd5 Bd6 22. Rab1 Rb5 23. Rxb5 Nxb5 24. Rb1 Bxg3 25. fxg3 Nc3 26. Rxb7+
Kc8 27. Rxa7 Rf6 28. Ra8+ Kd7 29. Bb3 Ne4 30. Rg8 Rg6 31. g4 Nf6 32. Rf8 h5 33.
Bc2 Rg5 34. Kf3 hxg4+ 35. hxg4 Ke7 36. Rc8 Kd7 37. Ra8 Kd6 38. Bf5 g6 39. Kf4
Nh7 40. Rd8+ Kc5 41. Be6 {Black resigns} 1-0

[Event "Team 45 45 League T52"]
[Site "Internet Chess Club"]
[Date "2012.03.11"]
[Round "4"]
[White "jorobo"]
[Black "DARKwizard1"]
[Result "0-1"]
[WhiteElo "2022"]
[BlackElo "2074"]
[Opening "English: four knights, kingside fianchetto"]
[ECO "A29"]
[Time "10:00:58"]
[TimeControl "2700+45"]

1. c4 e5 2. Nc3 Nc6 3. Nf3 Nf6 4. g3 g6 5. Bg2 Bg7 6. O-O O-O 7. d4 exd4 8. Nxd4
Ng4 9. Nxc6 dxc6 10. Qc2 Qd4 11. Nd1 Be6 12. h3 Ne5 13. c5 Nc4 14. Be3 Nxe3 15.
Nxe3 Rad8 16. Rad1 Qxb2 17. Qxb2 Bxb2 18. Rb1 Rd2 19. Nd1 Ba3 20. Rxb7 Bxc5 21.
Rxc7 Bb6 22. Rxc6 Rxe2 23. Nc3 Rc2 24. Nd5 Rxc6 25. Ne7+ Kg7 26. Nxc6 Bxa2 27.
Ra1 Be6 28. Nxa7 Rd8 29. Nc6 Rd2 30. Rf1 Bc4 31. Rc1 Bxf2+ 32. Kh1 Be6 33. g4
Be3 34. Re1 Bf4 35. Nb4 Bd6 36. Rb1 h5 {White resigns} 0-1

[Event "Team 45 45 League T52"]
[Site "Internet Chess Club"]
[Date "2012.03.11"]
[Round "4"]
[White "BigH"]
[Black "CamNewton"]
[Result "0-1"]
[WhiteElo "2142"]
[BlackElo "2183"]
[Opening "Queen's pawn game"]
[ECO "A46"]
[Time "13:22:57"]
[TimeControl "2700+45"]

1. d4 Nf6 2. Nf3 e6 3. Bf4 b6 4. e3 Bb7 5. h3 Bd6 6. Bxd6 cxd6 7. Be2 Nc6 8. O-O
O-O 9. c3 Ne7 10. Nbd2 Ne4 11. Qb3 f5 12. Nxe4 fxe4 13. Nd2 d5 14. c4 Nf5 15.
Rac1 Qg5 16. cxd5 Nh4 17. g3 Bxd5 18. Bc4 Rf3 19. Nxf3 Nxf3+ 20. Kg2 Nd2 21. Qb5
a6 22. Qb4 Nxf1 23. Rxf1 Bxc4 24. Qxc4 Qa5 25. Rc1 Qd2 26. Qc2 Qxc2 27. Rxc2 Kf7
28. f3 exf3+ 29. Kxf3 Ke7 30. e4 Rf8+ 31. Ke2 Kd6 32. Rc3 b5 33. Ra3 Ra8 34. Rf3
Rc8 35. Kd3 Rc1 36. Rf7 Rh1 37. Rxg7 Rxh3 38. Kc3 h5 39. Kb4 Rh2 40. Kb3 Re2 41.
e5+ Kc6 42. Rg5 Rh2 43. g4 h4 44. Rg7 d6 45. Rg6 dxe5 46. Rxe6+ Kd5 47. Rxe5+
Kxd4 48. Rh5 h3 49. a4 bxa4+ 50. Kxa4 Ke4 51. Rh6 Kf4 52. Kb3 Kxg4 53. Rxa6 Rf2
54. Rg6+ Kh5 55. Rg8 h2 56. Rh8+ Kg4 57. Ka3 Rf3+ 58. Ka4 Rh3 59. Rg8+ Kf5 60.
Rf8+ Ke6 {White resigns} 0-1

[Event "Team 45 45 League T52"]
[Site "Internet Chess Club"]
[Date "2012.03.11"]
[Round "4"]
[White "zap2"]
[Black "az2112"]
[Result "0-1"]
[WhiteElo "1769"]
[BlackElo "1621"]
[Opening "Réti: King's Indian attack"]
[ECO "A05"]
[Time "12:03:59"]
[TimeControl "2700+45"]

1. Nf3 Nf6 2. g3 g6 3. Bg2 Bg7 4. O-O O-O 5. d3 d6 6. Nbd2 c5 7. e4 Nc6 8. c3
Qc7 9. h3 b6 10. Qe2 Bb7 11. Nh4 e6 12. f4 Nh5 13. Kh2 f5 14. exf5 exf5 15. Nc4
Rae8 16. Bd5+ Kh8 17. Qf3 Nf6 18. Ne3 Nxd5 19. Nxd5 Qf7 20. Ne3 Nb4 21. Qd1 Nc6
22. Nf3 d5 23. Qb3 d4 24. Qxf7 Rxf7 25. Nc4 Re2+ 26. Kg1 Ba6 27. Bd2 Rfe7 28.
Rfe1 Bxc4 29. Rxe2 Rxe2 30. dxc4 dxc3 31. Bxc3 Bxc3 32. bxc3 Re3 33. Kf2 Rxc3
34. Rd1 Rc2+ 35. Rd2 Rxc4 36. Ne5 Nxe5 37. fxe5 Re4 38. Rd8+ Kg7 39. Rd7+ Kh6
40. Rxa7 Rxe5 41. Rb7 Re6 42. Kf3 g5 43. a4 Kg6 44. g4 h6 45. Kf2 f4 46. Kf3 Kf6
47. Rh7 Ke5 48. Rd7 Rd6 49. Re7+ Kd5 50. Rf7 Kd4 51. h4 gxh4 52. Rxf4+ Kc3 53.
Rf5 c4 54. a5 bxa5 55. Rxa5 Kd3 56. Ra1 Rf6+ 57. Kg2 Kc2 58. Kh3 c3 59. Ra8 Rc6
60. Kxh4 Kc1 61. Kh5 c2 62. g5 hxg5 63. Kxg5 Rc3 64. Kf4 Kd2 65. Ke4 c1=Q 66.
Rd8+ Ke2 67. Rd5 Qh1+ 68. Ke5 Qxd5+ 69. Kxd5 Kd3 70. Kd6 Kd4 71. Ke6 Rc5 72. Kd6
Rh5 73. Ke6 Ra5 74. Kd6 Ra6+ 75. Kc7 Kd5 76. Kb7 Rh6 77. Kc7 Rg6 78. Kb7 Kc5 79.
Ka7 Kb5 80. Kb8 Rg7 81. Kc8 Kc6 82. Kd8 Kd6 83. Ke8 Ke6 84. Kf8 Ra7 85. Kg8 Kf6
{White resigns} 0-1

[Event "Team 45 45 League T52"]
[Site "Internet Chess Club"]
[Date "2012.03.11"]
[Round "4"]
[White "BotanicalKnight"]
[Black "tryanything"]
[Result "1/2-1/2"]
[WhiteElo "1505"]
[BlackElo "1537"]
[Opening "Bishop's opening: Berlin defense"]
[ECO "C24"]
[Time "19:01:35"]
[TimeControl "2700+45"]

1. e4 e5 2. Bc4 Nf6 3. d3 Nc6 4. Nc3 d6 5. f4 exf4 6. Bxf4 Bg4 7. Nge2 Be7 8.
Qd2 a6 9. O-O Na5 10. Bb3 Nxb3 11. axb3 O-O 12. h3 Be6 13. g4 h6 14. Nd4 Nh7 15.
Nf5 Bg5 16. Kg2 Bxf5 17. exf5 Bxf4 18. Qxf4 c6 19. Rae1 d5 20. Re5 Re8 21. Rfe1
Rxe5 22. Rxe5 Nf6 23. d4 Qd6 24. Qe3 {Game drawn by mutual agreement} 1/2-1/2

[Event "Team 45 45 League T52"]
[Site "Internet Chess Club"]
[Date "2012.03.12"]
[Round "4"]
[White "nanning"]
[Black "The-Capitalist"]
[Result "1-0"]
[WhiteElo "1573"]
[BlackElo "1410"]
[Opening "Catalan: open, 5.Nf3"]
[ECO "E04"]
[Time "05:55:18"]
[TimeControl "2700+45"]

1. d4 Nf6 2. c4 e6 3. Nf3 d5 4. g3 dxc4 5. Bg2 Nc6 6. O-O a6 7. Bf4 Bd6 8. Ne5
Nxe5 9. dxe5 Nh5 10. exd6 Nxf4 11. gxf4 cxd6 12. e4 O-O 13. a4 a5 14. Nd2 Qc7
15. Rc1 Ra6 16. Nxc4 Rc6 17. b3 Rd8 18. Qh5 f6 19. Qxa5 Qxa5 20. Nxa5 Rxc1 21.
Rxc1 Rd7 22. Rxc8+ {Black resigns} 1-0

[Event "Team 45 45 League T52"]
[Site "Internet Chess Club"]
[Date "2012.03.08"]
[Round "4"]
[White "PostMike"]
[Black "JohLeb"]
[Result "1/2-1/2"]
[WhiteElo "1436"]
[BlackElo "1394"]
[Opening "Sicilian: Labourdonnais-Löwenthal variation"]
[ECO "B32"]
[Time "14:30:09"]
[TimeControl "2700+45"]

1. e4 c5 2. Nf3 Nc6 3. d4 cxd4 4. Nxd4 e5 5. Nb5 Nf6 6. N1c3 a6 7. Nd6+ Bxd6 8.
Qxd6 Qe7 9. Qxe7+ Nxe7 10. Bg5 d6 11. O-O-O Kd7 12. Bxf6 gxf6 13. Bc4 Rf8 14.
Nd5 b5 15. Nb6+ Kc6 16. Bxb5+ axb5 17. Nxa8 Rd8 18. Rd2 Bb7 19. Nb6 Kxb6 20.
Rhd1 Kc7 21. f3 f5 22. exf5 Nxf5 23. c3 Ne7 24. Kc2 f6 25. Kb3 d5 26. a4 bxa4+
27. Kxa4 Bc6+ 28. Kb4 Rb8+ 29. Ka3 Ra8+ 30. Kb4 Rb8+ 31. Ka3 Kd6 32. b4 Bb5 33.
Ra1 Ra8+ 34. Kb2 Rxa1 35. Kxa1 Nf5 36. g3 Kc6 37. Kb2 Ne3 38. Kc1 f5 39. Ra2 Kb7
40. Kd2 f4 41. Ke1 Bc4 42. Rb2 Kb6 43. gxf4 exf4 44. Rb1 Kb5 45. Kf2 Kb6 46. Rg1
Bd3 47. Ke1 Kb5 48. h3 Bg6 49. Kd2 Kc4 50. Ra1 d4 51. cxd4 Kxd4 52. b5 Kc5 53.
Ra4 Nc4+ 54. Kc3 Nb6 55. Ra1 Kxb5 56. Kd4 Kc6 57. Ke5 Nd7+ 58. Kxf4 Kd6 59. Rd1+
Ke6 60. Re1+ Kf6 61. h4 h5 62. Ra1 Bf5 63. Ra5 Bg6 64. Ra6+ Kf7 65. Kg5 Ne5 66.
Rxg6 Nxg6 67. Kxh5 Kf6 68. Kg4 Kg7 69. f4 Kh6 70. f5 Nf8 71. h5 Nd7 {Game drawn
by mutual agreement} 1/2-1/2

[Event "Team 45 45 League T52"]
[Site "Internet Chess Club"]
[Date "2012.03.10"]
[Round "4"]
[White "theartist"]
[Black "KidRattler"]
[Result "1/2-1/2"]
[WhiteElo "1218"]
[BlackElo "1438"]
[Opening "QGD semi-Slav: 5.e3"]
[ECO "D45"]
[Time "12:31:36"]
[TimeControl "2700+45"]

1. d4 d5 2. c4 c6 3. Nf3 Nf6 4. e3 e6 5. Nc3 Bb4 6. Bd2 Ne4 7. Bd3 Nxc3 8. Bxc3
Qa5 9. Qc2 Na6 10. a3 Bxc3+ 11. Qxc3 Qc7 12. c5 b5 13. b4 O-O 14. O-O Re8 15.
Rfe1 Re7 16. Re2 Nb8 17. e4 a5 18. exd5 exd5 19. Rxe7 Qxe7 20. Re1 Qd8 21. Qb2
Bb7 22. Bf5 Na6 {Game drawn by mutual agreement} 1/2-1/2

[Event "Team 45 45 League T52"]
[Site "Internet Chess Club"]
[Date "2012.03.09"]
[Round "4"]
[White "SirIvanhoe"]
[Black "Juan73"]
[Result "0-1"]
[WhiteElo "1483"]
[BlackElo "1734"]
[Opening "Bishop's opening: Classical variation"]
[ECO "C23"]
[Time "19:04:48"]
[TimeControl "2700+45"]

1. e4 e5 2. Bc4 Bc5 3. Nf3 Nf6 4. O-O d5 5. exd5 Bg4 6. Qe1 Bxf3 7. Qxe5+ Be7 8.
Re1 Bh5 9. Nc3 Nbd7 10. Qe3 Nb6 11. Bb5+ Nbd7 12. Bc4 a6 13. d6 cxd6 14. Nd5
Nxd5 15. Bxd5 Rb8 16. b3 Nf6 17. Bf3 Bxf3 18. gxf3 b5 19. Qa7 Nd7 20. Qe3 Rb7
21. Qg5 Nf6 22. Bb2 Rc7 23. Bxf6 gxf6 24. Qxf6 Rg8+ 25. Kh1 Qd7 26. Re3 Kf8 27.
Qh6+ Ke8 28. Qxh7 Rf8 29. Rae1 Qc6 30. Qh4 Qb7 31. Qf6 Kd8 32. Rxe7 Rxe7 33.
Qxd6+ Ke8 34. Rxe7+ Qxe7 35. Qb8+ Qd8 36. Qe5+ Qe7 37. Qb8+ Kd7 38. Qb7+ Ke6 39.
Qe4+ Kd6 40. Qd4+ Kc6 41. Qc3+ Kb7 42. Qe3 Qxe3 43. fxe3 b4 44. c4 bxc3 45. dxc3
Rd8 46. Kg2 Rd3 47. h4 Rxc3 48. Kg3 Rxe3 49. h5 Kc7 50. Kg4 Kd7 51. h6 Re1 52.
f4 Ke6 {White forfeits on time} 0-1

[Event "Team 45 45 League T52"]
[Site "Internet Chess Club"]
[Date "2012.03.11"]
[Round "4"]
[White "Andressa"]
[Black "LeanSixSigma"]
[Result "0-1"]
[WhiteElo "1392"]
[BlackElo "1400"]
[Opening "Three knights game"]
[ECO "C46"]
[Time "10:02:23"]
[TimeControl "2700+45"]

1. e4 e5 2. Nf3 Nc6 3. Nc3 d6 4. h3 Nf6 5. Bc4 h6 6. O-O Be7 7. d4 Nxd4 8. Nxd4
exd4 9. Qxd4 O-O 10. Bf4 Nh5 11. e5 Nxf4 12. Qxf4 Bg5 13. Qe4 dxe5 14. Qxe5 Bf6
15. Qe3 Re8 16. Qd3 Qxd3 17. Bxd3 c6 18. Rfe1 Be6 19. Ne4 Bxb2 20. Rab1 Bd4 21.
Rxb7 Bxa2 22. c3 Bxc3 23. Rc1 Bf6 24. Rxc6 Bd5 25. Nxf6+ gxf6 26. Bb5 Re1+ 27.
Kh2 Bxc6 28. Bxc6 a5 29. Rb5 Ra7 30. Rb8+ Kg7 31. Bf3 a4 32. Rb4 a3 33. Rg4+ Kf8
{White resigns} 0-1

[Event "Team 45 45 League T52"]
[Site "Internet Chess Club"]
[Date "2012.03.10"]
[Round "4"]
[White "drsigmund1"]
[Black "PANAMA-REY"]
[Result "1-0"]
[WhiteElo "1453"]
[BlackElo "1440"]
[Opening "Philidor: exchange variation"]
[ECO "C41"]
[Time "13:00:34"]
[TimeControl "2700+45"]

1. e4 e5 2. Nf3 d6 3. d4 exd4 4. Qxd4 Nc6 5. Bb5 Bd7 6. Bxc6 Bxc6 7. Nc3 Nf6 8.
Bg5 Be7 9. O-O-O Qd7 10. Nd5 Bxd5 11. exd5 O-O-O 12. Qxa7 Qf5 13. Qa8+ Kd7 14.
Qa4+ Kc8 15. Rhe1 Rhe8 16. Qa8+ Kd7 17. Qxb7 Rb8 18. Qc6+ Kd8 19. Rd3 Ne4 20.
Bxe7+ Rxe7 21. Rde3 Qf6 22. c3 Qf4 23. Nd2 Nxf2 24. Rxe7 Nd3+ 25. Kc2 Nxe1+ 26.
Rxe1 Qf5+ 27. Kc1 Qd7 28. Qxd7+ Kxd7 29. Re3 {Black resigns} 1-0